 Dungeon Crawl Stone Soup version 0.29.1-15-g9cfb28693d (webtiles) character file.

Game seed: 12075569791198673083

596154 protoss039 the Eclecticist (level 26, -20/223 HPs)
             Began as a Demonspawn Earth Elementalist on Mar 30, 2023.
             Was the Champion of Vehumet.
             Killed from afar by an orb of fire (90 damage)
             ... with a fireball
             ... on level 5 of the Realm of Zot on Mar 31, 2023.
             The game lasted 04:40:29 (80649 turns).

protoss039 the Eclecticist (DsEE)                  Turns: 80649, Time: 04:40:31

Health: -20/223    AC: 23    Str: 27    XL:     26   Next: 35%
Magic:  5/56       EV: 17    Int: 29    God:    Vehumet [******]
Gold:   3704       SH:  9    Dex: 19    Spells: 12/66 levels left

rFire   . . .      SeeInvis +   j - +8 dagger of Causality {vorpal, rF- rCorr Str+10}
rCold   + . .      Faith    .   Y - +1 buckler of the Trombone {Rampage rN+ Str+2}
rNeg    + . .      Spirit   .   P - +6 acid dragon scales
rPois   +          Reflect  .   w - -1 helmet "Zoloacu" {rF+ Will- Str+7 SInv}
rElec   .          Harm     .   V - +2 cloak of the Thief {*Fog Slay-2 SInv Stlth+}
rCorr   +          Rampage  +   (gloves unavailable)
Will    +++..                   Q - +0 pair of boots of Gonel {rF- Int+4 Slay+5 SInv}
Stlth   ++++++....              E - amulet of Fedhas's Castigation {rPois Will+ Regen+ Dex+5}
HPRegen 2.27/turn               O - ring "Ismuf" {Wiz MP+9}
MPRegen 0.35/turn               K - ring of Akhli {rF+ rC+ Will+ Int-2 SInv}

@: studying 2 skills
A: rugged brown scales 3, hurl damnation, powered by death 3, torment resistance
1, demonic magic 3, demonic willpower, demonic touch 3, clumsy 1, poison
resistance
}: 3/15 runes: barnacled, silver, gossamer
a: Hurl Damnation, Renounce Religion


You were on level 5 of the Realm of Zot.
You worshipped Vehumet.
Vehumet was exalted by your worship.
You visited 11 branches of the dungeon, and saw 51 of its levels.
You visited 1 bazaar.
You also visited: Ice Cave, Volcano and Wizlab.

You collected 8042 gold pieces.
You spent 4338 gold pieces at shops.

Inventory:

Hand Weapons
 f - the +8 flail of the Scorpion {pain, rC+ Will+ Int+2 Stlth+}
   (You found it on level 9 of the Dungeon)

   In the hands of one skilled in necromantic magic, it inflicts extra damage on
   living creatures.
   Int:       It affects your intelligence (+2).
   rC:        It protects you from cold.
   Will:      It increases your willpower.
   Stlth:     It makes you more stealthy.
 j - the +8 dagger of Causality (weapon) {vorpal, rF- rCorr Str+10}
   (You found it on level 2 of the Depths)

   It inflicts extra damage upon your enemies.
   Str:       It affects your strength (+10).
   rF:        It makes you vulnerable to fire.
   rCorr:     It protects you from acid and corrosion.
 l - a +2 trident of distortion
 n - the +12 pair of quick blades "Gyre" and "Gimble" {protect}
   (You found it on level 5 of the Vaults)

   It grants its wielder temporary protection when it strikes (+7 to AC).
 Z - the +4 mace of the Smoking Gnat {freeze, *Slow Fly Str+3 Int+2}
   (You found it on level 1 of the Depths)

   It freezes those it strikes, dealing additional cold damage.
   It can also slow down cold-blooded creatures.
   Str:       It affects your strength (+3).
   Int:       It affects your intelligence (+2).
   Fly:       It grants you flight.
   *Slow:     It may slow you when you take damage.
Missiles
 B - 5 throwing nets
Armour
 o - +10 gold dragon scales
 w - the -1 helmet "Zoloacu" (worn) {rF+ Will- Str+7 SInv}
   (You found it on level 4 of the Dungeon)

   Str:       It affects your strength (+7).
   rF:        It protects you from fire.
   SInv:      It lets you see invisible.
   Will:      It decreases your willpower.
 P - +6 acid dragon scales (worn)
 Q - the +0 pair of boots of Gonel (worn) {rF- Int+4 Slay+5 SInv}
   (You found it on level 2 of the Spider Nest)

   Int:       It affects your intelligence (+4).
   Slay:      It affects your accuracy & damage with ranged weapons and melee
   (+5).
   rF:        It makes you vulnerable to fire.
   SInv:      It lets you see invisible.
 V - the +2 cloak of the Thief (worn) {*Fog Slay-2 SInv Stlth+}
   (You found it on level 3 of the Elven Halls)

   It may release a thick cloud of smoke when the wearer is hurt.
   Slay:      It affects your accuracy & damage with ranged weapons and melee
   (-2).
   SInv:      It lets you see invisible.
   Stlth:     It makes you more stealthy.
 Y - the +1 buckler of the Trombone (worn) {Rampage rN+ Str+2}
   (You bought it in a shop on level 2 of the Orcish Mines)

   Str:       It affects your strength (+2).
   rN:        It protects you from negative energy.
   Rampage:   It bestows one free step when moving towards enemies.
Magical Staves
 k - a staff of earth
 y - a staff of air
Jewellery
 v - an amulet of reflection
 z - the ring "Teuhies" {Fly Int+4 Dex+6}
   (You found it on level 5 of the Vaults)

   [ring of dexterity]

   Int:       It affects your intelligence (+4).
   Dex:       It affects your dexterity (+6).
   Fly:       It grants you flight.
 E - the amulet of Fedhas's Castigation (around neck) {rPois Will+ Regen+ Dex+5}
   (You found it on level 1 of the Lair of Beasts)

   [amulet of regeneration]

   Dex:       It affects your dexterity (+5).
   rPois:     It protects you from poison.
   Regen:     It increases your rate of health regeneration.
   Will:      It increases your willpower.
 K - the ring of Akhli (right hand) {rF+ rC+ Will+ Int-2 SInv}
   (You acquired it on level 3 of the Shoals)

   [ring of protection from fire]

   Int:       It affects your intelligence (-2).
   rF:        It protects you from fire.
   rC:        It protects you from cold.
   SInv:      It lets you see invisible.
   Will:      It increases your willpower.
 M - the ring "Vexzotz" {rF+ Will- AC+4 Int+7 SInv}
   (You bought it in a shop in a bazaar)

   [ring of protection]

   AC:        It affects your AC (+4).
   Int:       It affects your intelligence (+7).
   rF:        It protects you from fire.
   SInv:      It lets you see invisible.
   Will:      It decreases your willpower.
 O - the ring "Ismuf" (left hand) {Wiz MP+9}
   (You acquired it on level 1 of the Depths)

   [ring of wizardry]

   It improves your spell success rate.
   MP:        It affects your magic capacity (+9).
 W - the ring of Shadows {Umbra +Inv Stlth+}
   (You bought it in a shop in a bazaar)

   [ring of stealth]

   It surrounds you with an aura of shadow, increasing your stealth and reducing
   the accuracy of all others within it.
   +Inv:      It lets you turn invisible.
   Stlth:     It makes you more stealthy.
Wands
 c - a wand of light (44)
 p - a wand of digging (25)
 C - a wand of mindburst (59)
 U - a wand of roots (26)
Scrolls
 h - 13 scrolls of teleportation
 q - 10 scrolls of fear
 r - 18 scrolls of blinking
 s - 6 scrolls of poison
 t - 2 scrolls of magic mapping
 A - 7 scrolls of butterflies
 G - 2 scrolls of torment
 T - 4 scrolls of amnesia
 X - 7 scrolls of immolation
Potions
 a - 6 potions of resistance
 b - 13 potions of magic
 e - 14 potions of brilliance
 i - 10 potions of flight
 m - 22 potions of curing
 u - 12 potions of might
 x - 10 potions of ambrosia
 D - 7 potions of invisibility
 H - 14 potions of heal wounds
 J - 5 potions of cancellation
 L - 6 potions of haste
 S - 10 potions of mutation
Miscellaneous
 d - a condenser vane
 F - a phantom mirror


   Skills:
 + Level 17.5 Fighting
 - Level 6.2 Short Blades
 - Level 3.0 Throwing
 - Level 12.0 Armour
 - Level 9.0 Dodging
 - Level 12.0 Stealth
 - Level 12.0 Shields
 * Level 20.5 Spellcasting
 + Level 15.9 Conjurations
 - Level 12.0 Necromancy
 - Level 3.0 Translocations
 - Level 6.0 Transmutations
 - Level 15.0 Fire Magic
 - Level 6.0 Ice Magic
 - Level 3.0 Air Magic
 + Level 15.0 Earth Magic
 - Level 6.0 Poison Magic
 - Level 9.0 Evocations


You had 12 spell levels left.
You knew the following spells:

 Your Spells              Type           Power      Damage    Failure   Level
a - Sandblast             Erth           100%       2d20      0%          1
b - Passwall              Tmut/Erth      61%        N/A       1%          2
c - Stone Arrow           Conj/Erth      100%       3d13      0%          3
d - Iskenderun's Mystic   Conj/Tloc      71%        2d14      1%          4
e - Olgreb's Toxic Radia  Pois           59%        N/A       1%          4
f - Ignition              Fire           43%        3d12      3%          8
g - Mephitic Cloud        Conj/Pois/Air  67%        N/A       1%          3
h - Freezing Cloud        Conj/Ice/Air   33%        6-21      1%          5
i - Borgnjor's Vile Clut  Necr/Erth      41%        N/A       1%          5
j - Iron Shot             Conj/Erth      44%        9d9       1%          6
k - Lehudib's Crystal Sp  Conj/Erth      44%        10d11     2%          8
l - Ignite Poison         Fire/Tmut/Pois 70%        N/A       1%          3
m - Sublimation of Blood  Necr           78%        N/A       0%          2

Your spell library contained the following spells:

 Spells                   Type           Power      Damage    Failure   Level
 Maxwell's Capacitive Co  Air            23%        ∞         92%         8
 Foxfire                  Conj/Fire      100%       2x1d9     0%          1
 Necrotise                Necr           100%       1d9       0%          1
 Scorch                   Fire           100%       2d10      0%          2
 Conjure Flame            Conj/Fire      88%        6-21      0%          3
 Shock                    Conj/Air       100%       1d9       1%          1
 Slow                     Hex            100%       N/A       1%          1
 Sting                    Tmut/Pois      100%       1d8       1%          1
 Ensorcelled Hibernation  Hex/Ice        94%        N/A       1%          2
 Poisonous Vapours        Pois/Air       100%       N/A       1%          2
 Gell's Gravitas          Tloc           47%        N/A       1%          3
 Inner Flame              Hex/Fire       65%        N/A       1%          3
 Ozocubu's Armour         Ice            59%        N/A       1%          3
 Portal Projectile        Hex/Tloc       76%        N/A       1%          3
 Spider Form              Tmut/Pois      59%        N/A       1%          3
 Swiftness                Air            47%        N/A       1%          3
 Teleport Other           Tloc           47%        N/A       1%          3
 Vampiric Draining        Necr           78%        2d11      1%          3
 Airstrike                Air            23%        2d(4-20)  1%          4
 Anguish                  Hex/Necr       29%        N/A       1%          4
 Animate Dead             Necr           78%        N/A       1%          4
 Corpse Rot               Necr/Pois/Air  63%        N/A       1%          4
 Dispel Undead            Necr           78%        3d26      1%          4
 Flame Wave               Conj/Fire      88%        2d19      1%          4
 Fulminant Prism          Conj/Hex       33%        3d16      1%          4
 Hailstorm                Conj/Ice       76%        3d16      1%          4
 Ice Form                 Ice/Tmut       59%        N/A       1%          4
 Leda's Liquefaction      Hex/Erth       32%        N/A       1%          4
 Passage of Golubria      Tloc           47%        N/A       1%          4
 Petrify                  Tmut/Erth      74%        N/A       1%          4
 Summon Ice Beast         Ice/Summ       47%        N/A       1%          4
 Agony                    Necr           78%        N/A       1%          5
 Alistair's Intoxication  Tmut/Pois      39%        N/A       1%          5
 Blade Hands              Tmut           29%        N/A       1%          5
 Fireball                 Conj/Fire      44%        3d18      1%          5
 Irradiate                Conj/Tmut      38%        3d24      1%          5
 Iskenderun's Battlesphe  Conj           89%        2d14      1%          5
 Lee's Rapid Deconstruct  Erth           43%        3d22*     1%          5
 Yara's Violent Unravell  Hex/Tmut       23%        3d10      1%          5
 Conjure Ball Lightning   Conj/Air       35%        3x3d11    1%          6
 Death Channel            Necr           39%        N/A       1%          6
 Starburst                Conj/Fire      44%        6d12      1%          6
 Orb of Destruction       Conj           44%        9d12      1%          7
 Call Canine Familiar     Summ           29%        N/A       2%          3
 Confusing Touch          Hex            29%        N/A       2%          3
 Summon Guardian Golem    Hex/Summ       29%        N/A       2%          3
 Tukima's Dance           Hex            29%        N/A       2%          3
 Eringya's Noxious Bog    Tmut/Pois      29%        N/A       2%          6
 Simulacrum               Ice/Necr       35%        N/A       2%          6
 Cause Fear               Hex            14%        N/A       7%          4
 Spellforged Servitor     Conj/Summ      33%        N/A       7%          7
 Summon Forest            Summ/Tloc      19%        N/A       11%         5
 Ozocubu's Refrigeration  Ice            29%        4d14      13%         7
 Summon Mana Viper        Hex/Summ       29%        N/A       19%         5
 Dispersal                Tloc           23%        N/A       30%         6
 Borgnjor's Revivificati  Necr           39%        N/A       32%         8
 Infestation              Necr           39%        N/A       32%         8
 Dragon Form              Tmut           29%        N/A       43%         7
 Haunt                    Necr/Summ      29%        N/A       43%         7
 Summon Cactus Giant      Summ           14%        N/A       69%         6
 Enfeeble                 Hex            14%        N/A       99%         7
 Monstrous Menagerie      Summ           14%        N/A       99%         7
 Death's Door             Necr           39%        N/A       99%         9
 Discord                  Hex            14%        N/A       100%        8
 Dragon's Call            Summ           14%        N/A       100%        9


Dungeon Overview and Level Annotations

Branches:
Dungeon (15/15) Zot: 25059  Temple (1/1) D:6 Zot: 5862    Lair (5/5) D:11 Zot: 23267
 Shoals (4/4) Lair:3 Zot: 18427  Spider (4/4) Lair:2 Zot: 18269   Slime (0/5) Lair:5
    Orc (2/2) D:11 Zot: 10167     Elf (3/3) Orc:2 Zot: 11692  Vaults (5/5) D:13 Zot: 19914
  Crypt (3/3) Vaults:3 Zot: 13677    Tomb (0/3) Crypt:3      Depths (4/4) D:15 Zot: 12803
    Zot (5/5) Depths:4 Zot: 24093   IceCv (visited)         Volcano (visited)
 WizLab (visited)

Altars:
Ashenzari
Cheibriados
Dithmenos
Fedhas
Gozag
Hepliaklqana
Kikubaaqudgha
Makhleb
Nemelex Xobeh
Okawaru
Qazlal
Ru
Sif Muna
Trog
Uskayaw
Vehumet
Wu Jian
Xom
Yredelemnul

Shops:
D:9 :   Orc:2 [=*[:   Elf:1 *   Elf:3 **((*   Shoals:4 :=*   Depths:3 *
Depths:4 !

Portals:
Hell: Depths:1 Depths:2 Depths:3 Depths:4
Abyss: Depths:3 Depths:4
Pandemonium: Depths:1 Depths:2
Ziggurat: Depths:4

Annotations:
D:6 2 transporters, diceflayer's ghost, novice DsHu
Shoals:2 2 transporters, diceflayer's ghost, adept DsHu
Elf:2 6 transporters
Crypt:3 3 runed translucent doors, Ycyi's ghost, adept MiFi
Zot:3 2 transporters
Zot:4 3 runed translucent doors, stpyramids's ghost, legendary DDFi


Innate Abilities, Weirdness & Mutations

You are completely covered in rugged brown scales. (AC +3, +7% HP)
You can hurl damnation.
You regenerate a lot of health from kills.
You are resistant to unholy torment.
Spells you cast and wands you use may paralyse nearby enemies.
You punish those that try to bend your will. (Will+)
Your touch may irresistibly damage your foes and sap their willpower.
You are clumsy. (Dex -2)
Your system is resistant to poisons. (rPois)


Message History

Press: ? - help, Shift-Dir - straight line, f/p - orb of fire
Aim: an orb of fire (blue smoke, moderately damaged, 56% to hit)
The crystal spear misses the orb of fire.
Malevolent energies surge around you.
The orb of fire glows bright magenta.
The fireball explodes!
The fireball engulfs you!!!!
The fireball engulfs the orb of fire.
The orb of fire completely resists.
Casting: Lehudib's Crystal Spear (dangerous; 2% risk of failure)
Confirm with . or Enter, or press ? or * to list all spells.
Aiming: Lehudib's Crystal Spear (dangerous; 2% risk of failure)
Press: ? - help, Shift-Dir - straight line, f/p - orb of fire
Aim: an orb of fire (blue smoke, moderately damaged, 56% to hit)
The crystal spear hits the orb of fire!!!
The orb of fire is severely damaged.
Malevolent energies surge around you.
The orb of fire glows red.
The fireball explodes!
The fireball engulfs you!!!
* * * LOW HITPOINT WARNING * * *
The fireball engulfs the orb of fire.
The orb of fire completely resists.
You hear a shout!
Unknown command.
Casting: Lehudib's Crystal Spear (dangerous; 2% risk of failure)
Confirm with . or Enter, or press ? or * to list all spells.
Aiming: Lehudib's Crystal Spear (dangerous; 2% risk of failure)
Press: ? - help, Shift-Dir - straight line, f/p - orb of fire
Aim: an orb of fire (blue smoke, severely damaged, 56% to hit)
The crystal spear hits the orb of fire!!!
The orb of fire is almost destroyed.
Malevolent energies surge around you.
The orb of fire glows red.
The bolt of fire misses you.
Casting: Lehudib's Crystal Spear (dangerous; 2% risk of failure)
Confirm with . or Enter, or press ? or * to list all spells.
You don't have enough magic to cast this spell.
Unknown command.
Unknown command.
You feel much better.
The orb of fire glows yellow.
The fireball explodes!
The fireball engulfs you!!!!
You die...

**,,,,,,,,,**,,,,,,,,,^,,,,,,,,,,
***,,,,,^,***,,,,,,,,,,,,,,,,,,,,
* ********* *,,,,,,,,,,,,,,,,,,,,
* **,,,,,,,,,,,,,,,,,,,
***,,,,,,,,,,,,,,,,,
****,,,,^,,,,,,,,,
#▓▓▓▓▓▓▓▓▓▓▓**^,,,^ *
###§§*§.......,,^,,,, #*
##.§§@##.......,,,,,,,
.###########..§###,.......,,,,,,,
.)............##*,,.......,,,,,,,
......^......## *,,.....X.,,,,,,,
.............# *,,.......,,,,,,,
#...........## *,,.......,,,,,,,
#...........# *,,.......,,,,,,,
#..?........## *,,,,,,,,,,,,,,,^
.............# **,,,,,,,,,,,,,,,


You could see an orb of fire.

Vanquished Creatures
  3 dread liches
  An orb of fire (Zot:5)
  3 ancient liches
  2 juggernauts
  A royal mummy (WizLab)
  The ghost of Dov Neot the Hoplite, a veteran FoFi of Nemelex Xobeh (Depths:2)
  A Killer Klown (Zot:4)
  Parghit (Depths:4)
  Margery (Vaults:4)
  3 curse toes
  9 golden dragons
  Nikola (Spider:3)
  2 bone dragons
  2 hellephants (Depths:3)
  6 liches
  12 tentacled monstrosities
  2 walking crystal tomes (Depths:2)
  Mlioglotl (Lair:2)
  7 Orb Guardians (Zot:5)
  3 deep elf blademasters (Elf:3)
  7 titans
  7 quicksilver dragons
  2 deep elf master archers (Elf:3)
  A walking frostbound tome (Depths:2)
  7 death cobs
  3 sphinxes
  5 tengu reavers
  4 ancient champions (Crypt:3)
  The ghost of Viocziel the Brawler, an adept TrMo of Nemelex Xobeh (Depths:1)
  The ghost of Ubraesch the Brawler, an adept TrMo of Nemelex Xobeh (Depths:2)
  12 storm dragons
  6 shadow dragons
  Donald (Orc:2)
  6 revenants
  6 draconian knights
  5 draconian monks
  8 deep elf sorcerers
  Ilsuiw (Shoals:2)
  8 fire giants
  11 frost giants
  6 emperor scorpions
  A draconian scorcher (Zot:1)
  2 orc warlords
  22 vault wardens
  4 iron dragons
  6 ghost moths
  A caustic shrike zombie (Crypt:1)
  5 draconian shifters
  A juggernaut zombie (WizLab)
  Aizul (Elf:2)
  5 curse skulls
  3 deep elf elementalists (Elf:3)
  A draconian stormcaller (Zot:1)
  12 ironbound preservers
  3 draconian annihilators
  4 ghouls
  A broodmother (Spider:4)
  7 very ugly things
  A caustic shrike skeleton (Crypt:1)
  3 deep elf demonologists
  5 ironbound thunderhulks
  15 stone giants
  A war gargoyle (Vaults:4)
  5 vampire knights
  5 black draconians
  5 green draconians
  A lorocyproca (Depths:2)
  5 purple draconians
  8 spark wasps
  7 yellow draconians
  4 deep elf annihilators (Elf:3)
  2 eidola (Crypt:2)
  3 entropy weavers
  8 red draconians
  11 white draconians
  15 dire elephants
  A spark wasp (shapeshifter) (Depths:2)
  5 mummy priests
  6 merfolk javelineers
  9 deep elf death magi
  17 jiangshi
  4 great orbs of eyes (Vaults:1)
  3 fire dragons
  3 crystal guardians
  17 ettins
  12 yaktaur captains
  A quicksilver dragon zombie (Depths:3)
  Josephine (Lair:4)
  12 merfolk impalers
  Fannar (D:11)
  3 deep elf high priests (Elf:3)
  2 rakshasas
  2 peacekeepers
  A merfolk avatar (Shoals:4)
  3 catoblepae (Lair:5)
  4 spriggan air magi
  34 vault guards
  8 hydras
  16 ice dragons
  13 ironbound frosthearts
  7 boulder beetles
  2 jorogumos
  5 ogre magi
  3 radroaches
  7 centaur warriors
  13 two-headed ogres
  5 merfolk aquamancers
  3 alligator snapping turtles
  28 dancing weapons
  3 satyrs
  13 deep troll earth magi
  2 death knights
  12 deep troll shamans
  10 tengu warriors
  A death scarab (Spider:4)
  10 hell hogs (Depths:3)
  8 vampire magi
  2 sun demons (D:14)
  A titan zombie (Depths:2)
  4 spriggan berserkers
  8 death yaks
  9 orc high priests
  A spriggan (Depths:1)
  10 soul eaters
  2 storm dragon zombies
  Sonja (Lair:2)
  16 deep elf knights
  A titan skeleton (Crypt:3)
  12 iron trolls
  15 hell knights
  2 sun moths
  10 pharaoh ants
  2 shadow wraiths
  A golden dragon zombie (WizLab)
  A salamander mystic (Depths:2)
  37 skeletal warriors
  10 sea snakes
  14 orb spiders
  5 flayed ghosts
  40 deep trolls
  A glowing orange brain (Vaults:2)
  A steelbarb worm (Spider:4)
  An orange crystal statue (IceCv)
  6 deep elf archers
  8 phantasmal warriors
  12 ironbound convokers
  10 lindwurms
  7 orc sorcerers
  9 orc knights
  A sphinx zombie (WizLab)
  7 wizards
  6 necromancers
  A tengu zombie (WizLab)
  34 deep elf pyromancers
  A fire giant zombie (Crypt:2)
  An iron dragon zombie (Crypt:3)
  13 deep elf zephyrmancers
  19 manticores
  2 frost giant zombies (WizLab)
  An oklob plant (Shoals:3)
  A spectral deep troll (Depths:1)
  12 fauns
  32 harpies
  A shadow dragon skeleton (Depths:2)
  A stone giant zombie (WizLab)
  41 ugly things
  17 wolf spiders
  4 cyclopes
  3 human zombies
  12 merfolk sirens
  21 moths of wrath
  3 salamanders (Depths:2)
  3 elephants (Lair:5)
  A fire giant skeleton (Depths:2)
  Maurice (D:8)
  3 black mambas
  Joseph (D:10)
  A rust devil (Depths:2)
  10 water nymphs
  2 gargoyles
  An eleionoma skeleton (Crypt:1)
  3 smoke demons
  21 vault sentinels
  10 torpor snails
  2 unseen horrors
  A titan simulacrum (Depths:3)
  7 cane toads
  A dire elephant skeleton (Crypt:2)
  2 kobold demonologists
  14 rime drakes
  4 freezing wraiths
  Psyche (D:8)
  5 komodo dragons
  An ice devil (Depths:2)
  25 yaktaurs
  3 tengu conjurers
  11 demonic crawlers
  5 red devils (D:13)
  A harpy zombie (Crypt:3)
  5 trolls
  A silent spectre (Depths:1)
  2 guardian mummies (WizLab)
  28 merfolk
  3 harpy skeletons
  3 tyrant leeches (Lair:5)
  30 tarantellas
  2 death drake skeletons
  A hydra skeleton (Crypt:1)
  10 polar bears
  A tarantella zombie (Crypt:2)
  4 wind drakes
  10 dream sheep
  A tarantella (shapeshifter) (D:13)
  Prince Ribbit (D:8)
  24 slime creatures
  A raiju (shapeshifter) (Elf:3)
  10 hornets
  A sphinx simulacrum (Depths:3)
  A dream sheep (shapeshifter) (Vaults:5)
  17 blink frogs
  A spriggan zombie (WizLab)
  2 ettin zombies
  29 culicivoras
  An alligator zombie (Crypt:1)
  8 snapping turtles
  3 air elementals
  4 flying skulls (Crypt:3)
  28 jumping spiders
  19 water elementals
  A spriggan (shapeshifter) (D:15)
  A shadow (D:11)
  A wyvern (shapeshifter) (D:14)
  2 vampires
  2 culicivoras (shapeshifter)
  10 wraiths
  4 fire elementals
  44 yaks
  3 wyverns
  4 basilisks
  A neqoxec (Depths:2)
  A steam dragon (Lair:2)
  39 redbacks
  3 wargs
  6 vampire mosquitoes
  A naga zombie (Crypt:3)
  A naga (shapeshifter) (Depths:3)
  An acid dragon (D:11)
  3 hell hounds (Volcano)
  A black bear (D:5)
  27 orc warriors
  17 water moccasins
  A floating eye (shapeshifter) (Vaults:5)
  An ice beast (D:5)
  A demonspawn skeleton (Crypt:2)
  11 ogres
  3 sky beasts (D:7)
  11 centaurs
  A phantom (D:6)
  An elf zombie (Crypt:3)
  A vine stalker zombie (Crypt:3)
  5 kobold brigands
  6 bullfrogs
  A fire crab zombie (Crypt:3)
  3 scorpions
  3 earth elementals
  2 necrophages (Crypt:2)
  2 water moccasin skeletons (D:6)
  6 wights
  A wyvern skeleton (D:6)
  A warg zombie (Crypt:3)
  18 killer bees
  A raiju zombie (Crypt:3)
  9 electric eels
  3 howler monkeys
  3 centaur zombies
  3 hounds
  A bullfrog skeleton (D:6)
  A centaur skeleton (D:6)
  20 orc priests
  3 jellies
  2 gnoll boudas
  A human skeleton (Crypt:3)
  3 iguanas
  29 orc wizards
  2 killer bee zombies (D:6)
  An ice beast zombie (Crypt:2)
  A howler monkey zombie (D:6)
  9 gnolls
  A river rat (shapeshifter) (Depths:3)
  13 adders
  A steam dragon skeleton (Crypt:1)
  2 shadow imps
  A jelly zombie (Crypt:2)
  An adder skeleton (Crypt:1)
  A worm (D:2)
  3 dart slugs
  61 orcs
  9 bats
  A bat zombie (Crypt:2)
  5 endoplasms
  4 giant cockroaches
  6 goblins
  3 hobgoblins
  5 jackals
  3 quokkas
  9 ball pythons
  5 frilled lizards
  18 kobolds
  9 rats
  A river rat skeleton (Crypt:3)
2053 creatures vanquished.

Vanquished Creatures (others)
  An ancient lich (Crypt:3)
  A spark wasp (Depths:2)
  A rime drake (IceCv)
  A human (Depths:1)
  7 fungi
  46 plants
  26 withered plants (Crypt:3)
83 creatures vanquished.

Grand Total: 2136 creatures vanquished

Notes
Turn   | Place    | Note
-------+----------+-------------------------------------------
     0 | D:1      | protoss039 the Demonspawn Earth Elementalist began the
                  | quest for the Orb.
     0 | D:1      | Reached XP level 1. HP: 13/13 MP: 3/3
   182 | D:1      | Gained mutation: Spells you cast may paralyse adjacent
                  | enemies. [demonic ancestry]
   182 | D:1      | Reached XP level 2. HP: 7/20 MP: 1/5
   414 | D:1      | Reached skill level 1 in Fighting
   874 | D:1      | Found a faded altar of an unknown god.
   978 | D:1      | Gained mutation: You are partially covered in rugged brown
                  | scales. (AC +1, +3% HP) [demonic ancestry]
   978 | D:1      | Reached XP level 3. HP: 20/26 MP: 4/6
  1565 | D:1      | Learned a level 2 spell: Passwall
  2013 | D:2      | Reached XP level 4. HP: 32/32 MP: 1/8
  2209 | D:2      | Identified the +2 leather armour of the Sparrow {-Cast
                  | Contam rF+++ Stlth+}
  2711 | D:3      | Learned a level 3 spell: Stone Arrow
  2720 | D:3      | Reached skill level 1 in Armour
  2844 | D:3      | Found a shimmering blue altar of Sif Muna.
  2902 | D:3      | Gained mutation: Spells you cast may paralyse nearby
                  | enemies. [demonic ancestry]
  2902 | D:3      | Reached XP level 5. HP: 39/39 MP: 5/9
  3201 | D:3      | Reached skill level 3 in Spellcasting
  3445 | D:3      | Reached skill level 1 in Conjurations
  3994 | D:4      | Found a shimmering altar of Xom.
  4070 | D:4      | Identified the -1 helmet "Zoloacu" {rF+ Will- Str+7 SInv}
  4334 | D:4      | Gained mutation: You regenerate a little health from kills.
                  | [demonic ancestry]
  4334 | D:4      | Reached XP level 6. HP: 46/46 MP: 8/10
  4372 | D:4      | Reached skill level 1 in Transmutations
  4858 | D:5      | Entered Level 5 of the Dungeon
  4869 | D:5      | Gained mutation: You are mostly covered in rugged brown
                  | scales. (AC +2, +5% HP) [demonic ancestry]
  4869 | D:5      | Reached XP level 7. HP: 42/54 MP: 6/12
  5697 | D:6      | Reached XP level 8. HP: 63/63 MP: 9/13
  5813 | D:6      | Found a staircase to the Ecumenical Temple.
  5823 | Temple   | Entered the Ecumenical Temple
  5953 | Temple   | Became a worshipper of Vehumet
  6147 | D:6      | Reached skill level 4 in Spellcasting
  6612 | D:6      | Reached skill level 5 in Stealth
  7055 | D:6      | Noticed diceflayer's ghost (novice DsHu)
  7058 | D:6      | Reached * piety under Vehumet
  7058 | D:6      | Offered knowledge of Shock by Vehumet.
  7058 | D:6      | Identified the +2 dire flail of Calculation {freeze,
                  | Fragile rPois rCorr Str+7}
  7058 | D:6      | Identified the +1 great mace "Etesapn" {vamp, +Blink rCorr}
  7058 | D:6      | Noticed a two-headed ogre
  7059 | D:6      | Reached skill level 5 in Fighting
  7154 | D:6      | Found a transporter.
  7168 | D:6      | Found a transporter.
  7320 | D:7      | Gained mutation: Your touch may inflict minor irresistible
                  | damage on your foes. [demonic ancestry]
  7320 | D:7      | Reached XP level 9. HP: 71/71 MP: 0/15
  7831 | D:7      | Reached skill level 5 in Earth Magic
  7911 | D:7      | Found a snail-covered altar of Cheibriados.
  8487 | D:8      | Noticed Maurice
  8495 | D:8      | Killed Maurice
  8496 | D:8      | Reached skill level 5 in Spellcasting
  8496 | D:8      | Reached skill level 1 in Evocations
  8956 | D:8      | Noticed Prince Ribbit
  8965 | D:8      | Killed Prince Ribbit
  8966 | D:8      | Reached skill level 1 in Shields
  9077 | D:8      | Noticed Psyche
  9084 | D:8      | Killed Psyche
  9233 | D:8      | Noticed a two-headed ogre
  9240 | D:8      | Killed a two-headed ogre
  9241 | D:8      | Gained mutation: You regenerate health from kills. [demonic
                  | ancestry]
  9241 | D:8      | Reached XP level 10. HP: 80/80 MP: 4/17
  9729 | D:9      | Found Ymofefus's Book Emporium.
 10417 | D:9      | Bought a book of Unlife for 396 gold pieces
 10423 | D:9      | Learned a level 5 spell: Borgnjor's Vile Clutch
 10588 | D:9      | Reached ** piety under Vehumet
 10672 | D:9      | Identified the +8 flail of the Scorpion {pain, rC+ Will+
                  | Int+2 Stlth+}
 10744 | D:9      | Found a hide-covered altar of Uskayaw.
 10840 | D:9      | Reached skill level 5 in Conjurations
 11000 | D:10     | Entered Level 10 of the Dungeon
 11036 | D:10     | Offered knowledge of Freeze by Vehumet.
 11037 | D:10     | Reached skill level 1 in Necromancy
 11223 | D:10     | Noticed Joseph
 11235 | D:10     | Killed Joseph
 11284 | D:10     | Gained mutation: Your touch may inflict irresistible damage
                  | on your foes. [demonic ancestry]
 11284 | D:10     | Reached XP level 11. HP: 64/88 MP: 5/19
 12040 | D:10     | Found a bloodstained altar of Trog.
 12047 | D:10     | Found an ancient bone altar of Kikubaaqudgha.
 12467 | D:11     | Offered knowledge of Dazzling Flash by Vehumet.
 12756 | D:11     | Reached skill level 5 in Dodging
 12779 | D:11     | Reached skill level 5 in Armour
 12779 | D:11     | Reached skill level 6 in Spellcasting
 13062 | D:11     | Noticed a death yak
 13063 | D:11     | Noticed a death yak
 13068 | D:11     | Noticed a death yak
 13069 | D:11     | Noticed a death yak
 13070 | D:11     | Noticed a death yak
 13110 | D:11     | Found a staircase to the Lair.
 13134 | D:11     | Found a staircase to the Orcish Mines.
 13217 | D:11     | Noticed Fannar
 13219 | D:11     | Reached *** piety under Vehumet
 13240 | D:11     | Killed Fannar
 13393 | D:11     | Noticed a death yak
 13393 | D:11     | Noticed a death yak
 13479 | D:9      | Bought a Young Poisoner's Handbook for 220 gold pieces
 13484 | D:9      | Learned a level 4 spell: Olgreb's Toxic Radiance
 13528 | D:11     | Noticed a two-headed ogre
 13535 | D:11     | Killed a two-headed ogre
 13733 | D:12     | Noticed a boulder beetle
 13743 | D:12     | Killed a boulder beetle
 13744 | D:12     | Reached skill level 1 in Poison Magic
 13797 | D:12     | Noticed a two-headed ogre
 13804 | D:12     | Killed a two-headed ogre
 14066 | D:12     | Noticed a two-headed ogre
 14066 | D:12     | Noticed a deep elf pyromancer
 14076 | D:12     | Killed a two-headed ogre
 14127 | D:12     | Killed a deep elf pyromancer
 14187 | D:12     | Gained mutation: Your touch may irresistibly damage your
                  | foes and sap their willpower. [demonic ancestry]
 14187 | D:12     | Reached XP level 12. HP: 98/98 MP: 21/21
 14263 | D:12     | Noticed a boulder beetle
 14275 | D:12     | Killed a boulder beetle
 14833 | D:13     | Reached skill level 5 in Shields
 14852 | D:13     | Offered knowledge of Ignite Poison by Vehumet.
 14920 | D:13     | Noticed a centaur warrior
 14971 | Lair:1   | Entered Level 1 of the Lair of Beasts
 15219 | D:11     | Killed a death yak
 15236 | D:11     | Killed a death yak
 15237 | D:11     | Killed a death yak
 15237 | D:11     | Killed a death yak
 15238 | D:11     | Reached skill level 5 in Necromancy
 15240 | D:11     | Killed a death yak
 15402 | D:11     | Killed a death yak
 15410 | D:11     | Killed a death yak
 15568 | D:11     | Reached **** piety under Vehumet
 15606 | D:11     | Learned a level 3 spell: Ignite Poison
 15672 | Lair:1   | Noticed a seven-headed hydra
 15675 | Lair:1   | Identified the amulet of Fedhas's Castigation {rPois Will+
                  | Regen+ Dex+5}
 15712 | Lair:1   | Killed a seven-headed hydra
 15973 | Lair:1   | Noticed an eight-headed hydra
 15979 | Lair:1   | Killed an eight-headed hydra
 15979 | Lair:1   | Offered knowledge of Freezing Cloud by Vehumet.
 15980 | Lair:1   | Reached skill level 1 in Short Blades
 16140 | Lair:1   | Learned a level 5 spell: Freezing Cloud
 16274 | Lair:2   | Found a dark tunnel.
 16279 | Volcano  | Entered a volcano
 16340 | Volcano  | Reached skill level 1 in Fire Magic
 16345 | Volcano  | Reached XP level 13. HP: 95/106 MP: 23/23
 16538 | Volcano  | Reached skill level 1 in Ice Magic
 16584 | Volcano  | Reached skill level 1 in Air Magic
 17168 | Lair:2   | Found a hole to the Spider Nest.
 17168 | Lair:2   | Noticed Sonja
 17179 | Lair:2   | Killed Sonja
 17453 | Lair:2   | Reached skill level 7 in Spellcasting
 17959 | Lair:3   | Found a staircase to the Shoals.
 17967 | Lair:3   | Got Macabb's Monograph on Blasting
 19048 | Lair:4   | Reached ***** piety under Vehumet
 19156 | Lair:4   | Offered knowledge of Ozocubu's Refrigeration by Vehumet.
 19349 | Lair:4   | Noticed Josephine
 19359 | Lair:4   | Killed Josephine
 20017 | Lair:4   | Learned a level 7 spell: Ozocubu's Refrigeration
 20018 | Lair:5   | Entered Level 5 of the Lair of Beasts
 20124 | Lair:5   | Found a runed translucent door.
 20204 | Lair:5   | Gained mutation: You regenerate a lot of health from kills.
                  | [demonic ancestry]
 20204 | Lair:5   | Reached XP level 14. HP: 114/114 MP: 25/25
 20430 | Lair:5   | Reached skill level 10 in Fighting
 20629 | Lair:5   | Identified the ring of Springtime {*Corrode rPois rC+
                  | Stlth+}
 20652 | Lair:5   | Found a staircase to the Slime Pits.
 21383 | Lair:5   | Offered knowledge of Fulminant Prism by Vehumet.
 21639 | Lair:5   | Paralysed by a hornet for 1 turns
 21683 | Lair:5   | Reached skill level 8 in Spellcasting
 22223 | Orc:1    | Entered Level 1 of the Orcish Mines
 22482 | Orc:1    | Reached skill level 5 in Poison Magic
 22923 | Orc:2    | Entered Level 2 of the Orcish Mines
 22923 | Orc:2    | Found Huczeifia's Antique Armour Boutique.
 22927 | Orc:2    | Reached skill level 5 in Ice Magic
 22972 | Orc:2    | Offered knowledge of Fireball by Vehumet.
 23023 | Orc:2    | Bought an encrusted buckler for 285 gold pieces
 23023 | Orc:2    | Identified the +1 buckler of the Trombone {Rampage rN+
                  | Str+2} (You bought it in a shop on level 2 of the Orcish
                  | Mines)
 23033 | Orc:2    | Noticed Donald
 23051 | Orc:2    | Killed Donald
 23052 | Orc:2    | Reached skill level 5 in Evocations
 23245 | Orc:2    | Found Coiv's Antique Armour Shop.
 23245 | Orc:2    | Found Ysaots's Book Shoppe.
 23247 | Orc:2    | Found Juymos's Jewellery Shop.
 23247 | Orc:2    | Found Duotuzub's General Store.
 23253 | Orc:2    | Bought a twisted ring mail for 297 gold pieces
 23253 | Orc:2    | Identified the +0 ring mail "Tumuil" {Int+2} (You bought it
                  | in a shop on level 2 of the Orcish Mines)
 23347 | Orc:2    | Bought a potion of cancellation for 80 gold pieces
 23347 | Orc:2    | Bought a potion of heal wounds for 50 gold pieces
 23409 | Orc:2    | Found a staircase to the Elven Halls.
 23905 | Orc:2    | Learned a level 5 spell: Freezing Cloud
 23914 | Orc:2    | Bought a phantom mirror for 400 gold pieces
 24065 | D:13     | Reached XP level 15. HP: 116/122 MP: 27/27
 24508 | D:13     | Found a gate to the Vaults.
 26278 | D:13     | Found the +14 obsidian axe {vorpal, Mesm Drain Fly SInv}
 26369 | D:15     | Entered Level 15 of the Dungeon
 26499 | D:14     | Reached skill level 9 in Spellcasting
 27006 | D:15     | Offered knowledge of Lee's Rapid Deconstruction by Vehumet.
 27238 | D:15     | Found a staircase to the Depths.
 27238 | D:15     | Noticed a frost giant
 27251 | D:15     | Killed a frost giant
 27429 | D:15     | Reached skill level 10 in Stealth
 27871 | Spider:1 | Entered Level 1 of the Spider Nest
 28077 | Spider:1 | Noticed Mlioglotl
 28080 | Spider:1 | Noticed a hellephant
 28465 | Spider:1 | Reached ****** piety under Vehumet
 28465 | Spider:1 | Offered knowledge of Iron Shot by Vehumet.
 28830 | Spider:1 | Reached XP level 16. HP: 131/131 MP: 15/29
 29155 | Spider:2 | Reached skill level 10 in Spellcasting
 29659 | Spider:2 | Identified the +10 rapier of the Unkillable {spect, rPois
                  | rF- Int+3 Dex+4}
 29675 | Spider:2 | Identified the +0 pair of boots of Gonel {rF- Int+4 Slay+5
                  | SInv}
 29694 | Spider:2 | Learned a level 6 spell: Iron Shot
 29699 | Spider:2 | Learned a level 4 spell: Iskenderun's Mystic Blast
 29947 | Spider:3 | Reached skill level 11 in Spellcasting
 30009 | Spider:3 | Reached skill level 1 in Translocations
 30352 | Spider:3 | Found a runed translucent door.
 30363 | Spider:3 | Identified the +1 pair of gloves of Surch {rElec Str+3
                  | Dex+3}
 30363 | Spider:3 | Noticed Nikola
 30487 | Spider:3 | Killed Nikola
 30487 | Spider:3 | Offered knowledge of Irradiate by Vehumet.
 31262 | Spider:4 | Entered Level 4 of the Spider Nest
 32583 | Spider:4 | Gained mutation: Spells you cast and wands you use may
                  | paralyse nearby enemies. [demonic ancestry]
 32583 | Spider:4 | Reached XP level 17. HP: 68/137 MP: 24/32
 33774 | Spider:4 | Got a gossamer rune of Zot
 34021 | Shoals:1 | Entered Level 1 of the Shoals
 34120 | Shoals:1 | Offered knowledge of Starburst by Vehumet.
 34172 | Shoals:1 | Found a frozen archway.
 34221 | IceCv    | Entered an ice cave
 34590 | IceCv    | Reached skill level 12 in Spellcasting
 35933 | Shoals:1 | Reached skill level 5 in Short Blades
 36440 | Shoals:2 | Found a transporter.
 36444 | Shoals:2 | Found a transporter.
 36447 | Shoals:2 | Noticed diceflayer's ghost (adept DsHu)
 36587 | Shoals:2 | Noticed Ilsuiw
 36589 | Shoals:2 | Offered knowledge of Lehudib's Crystal Spear by Vehumet.
 36589 | Shoals:2 | Offered knowledge of Ignition by Vehumet.
 36589 | Shoals:2 | Offered knowledge of Maxwell's Capacitive Coupling by
                  | Vehumet.
 36596 | Shoals:2 | Killed Ilsuiw
 36597 | Shoals:2 | Reached skill level 10 in Conjurations
 37066 | Shoals:2 | Gained mutation: You punish those that try to bend your
                  | will. (Will+) [demonic ancestry]
 37066 | Shoals:2 | Reached XP level 18. HP: 138/147 MP: 34/34
 37689 | Shoals:3 | Reached skill level 10 in Earth Magic
 37905 | Shoals:3 | Found a shadowy altar of Dithmenos.
 38076 | Shoals:3 | Reached skill level 13 in Spellcasting
 38940 | Shoals:3 | Identified 2 scrolls of acquirement
 38941 | Shoals:3 | Acquired 816 gold pieces
 38945 | Shoals:4 | Entered Level 4 of the Shoals
 38945 | Shoals:4 | Found Furud's Book Shop.
 38955 | Shoals:3 | Acquired the ring of Akhli {rF+ rC+ Will+ Int-2 SInv}
 38998 | Shoals:4 | Found a flickering gateway to a bazaar.
 39009 | Bazaar   | Entered a bazaar
 39016 | Bazaar   | Found Dacutase's General Store.
 39024 | Bazaar   | Bought a potion of brilliance for 80 gold pieces
 39024 | Bazaar   | Bought a scroll of identify for 40 gold pieces
 39030 | Bazaar   | Found Pangav's Armour Boutique.
 39044 | Bazaar   | Found Omulusor's Jewellery Shop.
 39052 | Bazaar   | Bought the ring "Vexzotz" {rF+ Will- AC+4 Int+7 SInv} for
                  | 711 gold pieces
 39058 | Bazaar   | Found Ipufoh's Jewellery Boutique.
 39066 | Bazaar   | Bought the ring of Shadows {Umbra +Inv Stlth+} for 440 gold
                  | pieces
 39066 | Bazaar   | Found the ring of Shadows {Umbra +Inv Stlth+}
 39072 | Bazaar   | Found Gigudah's General Store.
 39080 | Bazaar   | Bought a scroll of magic mapping for 90 gold pieces
 39086 | Bazaar   | Found Tisan's Jewellery Boutique.
 39100 | Bazaar   | Found Faluoth's Assorted Antiques.
 39108 | Bazaar   | Bought a scroll of identify for 48 gold pieces
 39108 | Bazaar   | Bought a potion of brilliance for 96 gold pieces
 39169 | Shoals:4 | Found Ymezyufu's Jewellery Boutique.
 39231 | Shoals:4 | Identified the +4 scimitar of Doors {flame, SInv}
 39648 | Shoals:4 | Found Menleyk's General Store.
 39722 | Shoals:4 | Bought a scroll of identify for 24 gold pieces
 39722 | Shoals:4 | Bought a scroll of enchant armour for 90 gold pieces
 39722 | Shoals:4 | Bought a scroll of teleportation for 36 gold pieces
 40419 | Shoals:4 | Got a barnacled rune of Zot
 40946 | Lair:2   | Killed Mlioglotl
 41042 | Elf:1    | Entered Level 1 of the Elven Halls
 41251 | Elf:1    | Reached skill level 1 in Throwing
 41655 | Elf:1    | Found Tihia's General Store.
 42375 | Elf:2    | Found a transporter.
 42406 | Elf:2    | Found a transporter.
 42419 | Elf:2    | Found a transporter.
 42423 | Elf:2    | Paralysed by an air elemental for 1 turns
 42425 | Elf:2    | Found a transporter.
 42579 | Elf:2    | Gained mutation: You are resistant to unholy torment.
                  | [demonic ancestry]
 42579 | Elf:2    | Reached XP level 19. HP: 141/155 MP: 34/36
 42662 | Elf:2    | Found a transporter.
 42664 | Elf:2    | Found a transporter.
 42977 | Elf:2    | Noticed Aizul
 42988 | Elf:2    | Killed Aizul
 43101 | Elf:2    | Found a runed translucent gate.
 43102 | Elf:2    | Found a runed translucent gate.
 43102 | Elf:2    | Found a runed translucent gate.
 44584 | Elf:3    | Entered Level 3 of the Elven Halls
 44808 | Elf:3    | Paralysed by an air elemental for 1 turns
 45100 | Elf:3    | Found Huna's General Store.
 45104 | Elf:3    | Reached skill level 5 in Transmutations
 45191 | Elf:3    | Identified the +0 leather armour of Catatonia {rPois}
 45243 | Elf:3    | Found Zux Rauz's Assorted Antiques.
 45370 | Elf:3    | Found Dopnod's Antique Weapon Emporium.
 45600 | Elf:3    | Found Giset's General Store.
 45615 | Elf:3    | Bought a scroll of teleportation for 39 gold pieces
 45615 | Elf:3    | Bought a potion of brilliance for 52 gold pieces
 45615 | Elf:3    | Bought a scroll of identify for 26 gold pieces
 45615 | Elf:3    | Bought a potion of haste for 130 gold pieces
 45615 | Elf:3    | Bought a scroll of blinking for 97 gold pieces
 45618 | Elf:3    | Found Xasu Foi's Antique Weapon Emporium.
 45985 | Elf:3    | Reached skill level 14 in Spellcasting
 46569 | Elf:3    | Identified the +9 morningstar of the Extremely Mad {flame,
                  | rPois rF+ Dex-5}
 46716 | Elf:3    | Identified the amulet "Ybrosy" {Spirit MP+9 Int+5 Stlth+}
 46723 | Elf:3    | Identified the +4 battleaxe of the Spheres {vorpal, Int+2}
 46885 | Elf:3    | Found the +2 cloak of the Thief {*Fog Slay-2 SInv Stlth+}
 46938 | Elf:3    | Reached skill level 5 in Fire Magic
 47095 | Elf:3    | Identified the +3 plate armour of Leaves {-Cast rC+ Dex+4
                  | Stlth+}
 47103 | Elf:3    | Got Levamnui's Almanac of Intoxication
 47443 | Vaults:1 | Entered Level 1 of the Vaults
 47463 | Vaults:1 | Identified the +10 spear of Causality {vorpal, rN+}
 47482 | Vaults:1 | Reached skill level 10 in Necromancy
 48512 | Vaults:1 | Gained mutation: You can hurl damnation. [demonic ancestry]
 48512 | Vaults:1 | Reached XP level 20. HP: 163/163 MP: 26/38
 49831 | Vaults:2 | Reached skill level 10 in Armour
 51702 | Vaults:3 | You fall into a shaft and drop 1 floor!
 51838 | Vaults:4 | Found a magical portal.
 51847 | WizLab   | Entered Doroklohe's Tomb
 52488 | WizLab   | Noticed a royal mummy
 52509 | WizLab   | Killed a royal mummy
 52510 | WizLab   | Reached skill level 10 in Shields
 53196 | Vaults:4 | Noticed Margery
 53207 | Vaults:4 | Killed Margery
 53208 | Vaults:4 | Reached skill level 15 in Spellcasting
 53359 | Vaults:4 | Identified the +0 scale mail of the New World {Str+5 Int+3}
 54129 | Vaults:4 | Reached XP level 21. HP: 172/172 MP: 40/40
 54164 | Vaults:4 | Gained mutation: You are completely covered in rugged brown
                  | scales. (AC +3, +7% HP) [demonic ancestry]
 54164 | Vaults:4 | Reached XP level 22. HP: 162/182 MP: 24/41
 55665 | Vaults:3 | Found a staircase to the Crypt.
 55945 | Depths:1 | Entered Level 1 of the Depths
 55950 | Depths:1 | Learned a level 3 spell: Mephitic Cloud
 55959 | Depths:1 | Learned a level 8 spell: Lehudib's Crystal Spear
 56312 | Depths:1 | Identified the +3 rapier of the Devouring Seeker {freeze,
                  | rPois rC- Int+3 SInv}
 56323 | Depths:1 | Found a hazy altar of Hepliaklqana.
 56535 | Depths:1 | Reached skill level 16 in Spellcasting
 56737 | Depths:1 | Found a one-way gate leading to the halls of Pandemonium.
 56957 | Depths:1 | Found a gateway to Hell.
 56961 | Depths:1 | Found a runed translucent door.
 56961 | Depths:1 | Noticed Viocziel's ghost (adept TrMo)
 57454 | Depths:1 | Killed Viocziel's ghost
 57954 | Depths:1 | Found a runed door.
 58401 | Depths:1 | Noticed a dread lich
 58523 | Depths:1 | Killed a dread lich
 58545 | Depths:1 | Identified the +0 pair of gloves of Focus {Dex+3}
 58546 | Depths:1 | Identified the +4 mace of the Smoking Gnat {freeze, *Slow
                  | Fly Str+3 Int+2}
 58549 | Depths:1 | Acquired the ring "Ismuf" {Wiz MP+9}
 59632 | Depths:2 | Noticed a juggernaut
 59646 | Depths:1 | Killed a juggernaut
 59783 | Depths:2 | Gained mutation: Your magical capacity is low. (-10% MP) [a
                  | neqoxec]
 60002 | Depths:2 | Reached XP level 23. HP: 176/191 MP: 23/39
 60694 | Depths:2 | You fall into a shaft and drop 1 floor!
 60726 | Depths:3 | Found a one-way gate to the infinite horrors of the Abyss.
 60859 | Depths:2 | Found a runed translucent gate.
 60859 | Depths:2 | Found a runed translucent gate.
 60859 | Depths:2 | Found a runed translucent gate.
 60860 | Depths:2 | Noticed Ubraesch's ghost (adept TrMo)
 60860 | Depths:2 | Noticed Dov Neot's ghost (veteran FoFi)
 61024 | Depths:2 | Identified the +8 dagger of Causality {vorpal, rF- rCorr
                  | Str+10}
 61547 | Depths:2 | Killed Ubraesch's ghost
 62038 | Depths:2 | Killed Dov Neot's ghost
 62250 | Depths:2 | Learned a level 8 spell: Ignition
 62564 | Depths:3 | Found Dengaps's Neck Hole.
 62568 | Depths:3 | Reached skill level 17 in Spellcasting
 62723 | Depths:3 | Reached skill level 15 in Fighting
 63937 | Depths:3 | Noticed a juggernaut
 64937 | Depths:3 | Gained mutation: You occasionally lose the ability to drink
                  | potions when taking damage. [mutagenic glow]
 64953 | Depths:3 | Gained mutation: Armour fits poorly on your strangely
                  | shaped body. [mutagenic glow]
 65085 | Depths:3 | Killed a juggernaut
 65276 | Depths:3 | Reached skill level 10 in Fire Magic
 65315 | Depths:3 | Identified the ring "Aticojuf" {Wiz rN+ Dex+3}
 65484 | Depths:4 | Entered Level 4 of the Depths
 65639 | Depths:4 | Found a blossoming altar of Fedhas.
 66229 | Depths:4 | Found a gate to the Realm of Zot.
 66426 | Depths:4 | Identified the +5 chain mail of Nemelex Xobeh's Fury
                  | {*Corrode Int+4 Slay+2}
 66429 | Depths:4 | Found a one-way gateway to a ziggurat.
 66589 | Depths:4 | Found Billygokh's Distillery.
 66597 | Depths:4 | Bought a potion of mutation for 104 gold pieces
 66597 | Depths:4 | Bought a potion of curing for 39 gold pieces
 66597 | Depths:4 | Bought a potion of brilliance for 52 gold pieces
 66597 | Depths:4 | Bought 2 potions of mutation for 208 gold pieces
 66597 | Depths:4 | Bought a potion of magic for 104 gold pieces
 66597 | Depths:4 | Bought a potion of magic for 104 gold pieces
 66597 | Depths:4 | Lost mutation: You occasionally lose the ability to drink
                  | potions when taking damage. [potion of mutation]
 66597 | Depths:4 | Lost mutation: Your magical capacity is low. (-10% MP)
                  | [potion of mutation]
 66597 | Depths:4 | Lost mutation: Armour fits poorly on your strangely shaped
                  | body. [potion of mutation]
 66597 | Depths:4 | Gained mutation: You are clumsy. (Dex -2) [potion of
                  | mutation]
 66597 | Depths:4 | Gained mutation: Your system is resistant to poisons.
                  | (rPois) [potion of mutation]
 67364 | Vaults:5 | Entered Level 5 of the Vaults
 67369 | Vaults:5 | Reached XP level 24. HP: 137/202 MP: 44/44
 67677 | Vaults:5 | Reached skill level 18 in Spellcasting
 67948 | Vaults:5 | Got a silver rune of Zot
 68163 | Vaults:5 | Identified the +2 short sword of Embarrassment {vorpal,
                  | rPois rCorr Str-5 Dex+6}
 68248 | Vaults:5 | Found the +12 pair of quick blades "Gyre" and "Gimble"
                  | {protect}
 68393 | Vaults:5 | Identified the +2 leather armour "Waokeec" {rC++}
 68491 | Vaults:5 | Noticed an ancient lich
 68503 | Vaults:5 | Killed an ancient lich
 69011 | Vaults:5 | Identified the +8 morningstar of Mutilation {freeze, rPois
                  | MP+9 Str-3 Dex-4}
 69128 | Vaults:5 | Identified the ring "Teuhies" {Fly Int+4 Dex+6}
 69534 | Vaults:5 | Identified the +3 scale mail of the Baker {Rampage rElec
                  | Str+4 Dex-4}
 69845 | Crypt:1  | Entered Level 1 of the Crypt
 71514 | Crypt:2  | Identified the +7 great sword of Tenacity {freeze, *Corrode
                  | rF+ Int+3}
 71840 | Crypt:3  | Entered Level 3 of the Crypt
 72058 | Crypt:3  | Reached XP level 25. HP: 203/205 MP: 36/45
 72291 | Crypt:3  | Found a staircase to the Tomb.
 72667 | Crypt:3  | Noticed an ancient lich
 72672 | Crypt:3  | Killed an ancient lich
 72673 | Crypt:3  | Reached skill level 19 in Spellcasting
 72959 | Crypt:3  | Found a runed translucent gate.
 72959 | Crypt:3  | Found a runed translucent gate.
 72964 | Crypt:3  | Found a runed translucent gate.
 73320 | Crypt:3  | Got the Writings on the Mortuary
 73853 | Crypt:3  | Noticed an ancient lich
 73862 | Crypt:3  | Noticed a dread lich
 73867 | Crypt:3  | Killed an ancient lich
 73913 | Crypt:3  | Killed a dread lich
 74103 | Crypt:3  | Identified the ring of Surao {Fire rPois SInv}
 74110 | Crypt:3  | Got Borgnjor's Octavo of Unholy Deeds
 74113 | Crypt:3  | Identified the +10 dagger of Acemis Sida {vamp, rC++}
 74233 | Crypt:3  | Noticed Ycyi's ghost (adept MiFi)
 74610 | Zot:1    | Entered Level 1 of the Realm of Zot
 74649 | Zot:1    | Reached skill level 15 in Conjurations
 74682 | Zot:1    | Noticed Parghit
 75007 | Depths:4 | Killed Parghit
 76114 | Zot:1    | Learned a level 2 spell: Sublimation of Blood
 76816 | Zot:3    | Identified the ring of Fiusi {rPois rF- rC+ Str+6}
 77640 | Zot:3    | Identified the ring of Umeceq {rN+ Int+7 Stlth+}
 77754 | Zot:3    | Reached skill level 20 in Spellcasting
 77910 | Zot:3    | Found a transporter.
 77910 | Zot:3    | Found a transporter.
 78390 | Zot:4    | Found a runed translucent gate.
 78391 | Zot:4    | Found a runed translucent gate.
 78392 | Zot:4    | Found a runed translucent gate.
 78393 | Zot:4    | Noticed stpyramids's ghost (legendary DDFi)
 78642 | Zot:4    | Reached XP level 26. HP: 222/222 MP: 47/47
 79095 | Zot:5    | Entered Level 5 of the Realm of Zot
 80300 | Zot:5    | Reached skill level 15 in Fire Magic
 80330 | Zot:5    | Noticed an ancient lich
 80353 | Zot:5    | Killed an ancient lich
 80486 | Zot:5    | Noticed an orb of fire
 80492 | Zot:5    | Killed an orb of fire
 80493 | Zot:5    | Reached skill level 15 in Earth Magic
 80631 | Zot:5    | Noticed a dread lich
 80640 | Zot:5    | Noticed an orb of fire
 80644 | Zot:5    | Killed a dread lich
 80649 | Zot:5    | Killed from afar by an orb of fire

Illustrated notes

Levels and vault maps discovered:
D:1:      amcnicky_arrival_wind_blow, layout_loops_ring,
          dreamdust_ecumenical_altar_grove, roderic_nine_men_s_morris,
          st_stairs_12, kennysheep_minor_cross
D:2:      layout_basic, minivault_11
D:3:      layout_loops_cross, mainiacjoe_overflow_chevrons,
          hangedman_decor_lopped, kennysheep_generic_room_6
D:4:      layout_basic, mainiacjoe_overflow_paths
D:5:      minmay_angry_zag, layout_cave_pools
D:6:      minmay_flawed_box, layout_basic, minmay_temple_entry_butterflies,
          serial_undead, serial_undead_c, serial_undead_a, serial_undead_c,
          serial_undead_d, serial_undead_e, serial_undead_a,
          gammafunk_ghost_smash
D:7:      layout_rooms, cheibriados_altar_1
D:8:      layout_loops_ring, uniq_psyche, uniq_prince_ribbit1, uniq_maurice
D:9:      layout_loops_corners, lemuel_crystal_altar, serial_shops,
          nicolae_shop_window_shopping, kennysheep_dice
D:10:     layout_cave_pools, mainiacjoe_overflow_tiny_flanked,
          mainiacjoe_overflow_big_doors, minivault_14, hangedman_decor_opposing,
          minmay_misc_feat_tower, minivault_19, uniq_joseph
D:11:     layout_grid_maze, dpeg_lair_monsters, david_orc_2, uniq_fannar
D:12:     layout_cave_pods, minmay_holes
D:13:     cheibrodos_quadrivalence, layout_small_grid, david_vaults_2,
          dreamdust_princess_corridor
D:14:     layout_irregular_city
D:15:     grunt_enter_depths_snipers, layout_irregular_city, minivault_23
Temple:   nicolae_temple_superstar
Lair:1:   layout_misc_corridors
Lair:2:   layout_regular_city, spider_nest_entry_a, enter_volcano_4, uniq_sonja
Lair:3:   layout_regular_city, minmay_shoals_entry_lonely_mermaid,
          beast_lair_carwin_2
Lair:4:   layout_hall_layers, disabler_island, infiniplex_staircase_pool,
          lemuel_fruit_tree, uniq_josephine
Lair:5:   wormcave, layout_cellular_growth, hangedman_lair_in_review,
          dpeg_slime_entry_corner
Shoals:1: layout_shoals, portal_ice_cave_entry_pillars_three,
          nicolae_shoals_nymph_descending_staircase
Shoals:2: layout_shoals, ebering_ghost_davey_jones, uniq_ilsuiw
Shoals:3: layout_shoals, lemuel_oklob_altar
Shoals:4: shoals_end_grunt_ice, layout_shoals, shoal_ilsuiw, serial_shops,
          bzr_entry_dummy, shop, shop,
          nicolae_shop_temple_entry_statues_fountains, nicolae_shoals_land_atoll
Spider:1: layout_spider_delve, uniq_mlioglotl
Spider:2: layout_spider_delve, nicolae_spider_circle_web
Spider:3: cheibrodos_spider_deadly_dance, nicolae_spider_moth_buddies,
          uniq_nikola
Spider:4: guppyfry_spider_rune
Orc:1:    layout_caves, basic_altar, nicolae_orc_stony_grotto
Orc:2:    grunt_orc_tribal_feast, layout_caves, serial_shops,
          nicolae_shop_trees, uniq_donald
Elf:1:    layout_loops_cross, special_room [special_room_orc], serial_shops,
          nicolae_take_the_stairs, evilmike_minifort, minmay_misc_feat_ornament,
          patterned_corridor
Elf:2:    nicolae_elf_blades_crystal_corner, layout_geoelf_diagonals,
          serial_nicolae_subway, nicolae_sub_station_metal,
          nicolae_sub_station_crystal, nicolae_sub_station_stone, uniq_aizul
Elf:3:    minmay_elf_hall_statues, layout_geoelf_castle, serial_shops,
          nicolae_lakefront_shop, nicolae_shop_trees, shop, shop_coins, shop
Vaults:1: vaults_room_fours, v_misc_10, v_alt_pattern_6, v_misc_1,
          ontoclasm_vaults_idyll, nicolae_vaults_hallways_thing,
          st_smaller_cells, v_misc_2, nicolae_vaults_border_crossing,
          ontoclasm_vaults_ring_large, nicolae_vaults_theta,
          layout_vaults_big_cross, serial_glass
Vaults:2: nicolae_vaults_twisting_passages, vaults_room_boxed,
          grunt_vaults_diagonal, v_rooms_6, hangedman_vaults_slither, v_misc_5,
          hangedman_vaults_stretched_pinwheel, v_misc_25, v_misc_11,
          vaults_room_hallway, nicolae_vaults_little_squares_3,
          nicolae_vaults_little_squares_4, layout_vaults_omnibox
Vaults:3: vaults_room_fancy_cross, nicolae_vaults_meeting,
          minmay_crypt_entry_simple_statues, v_misc_11,
          nicolae_vaults_little_squares_4, hangedman_vaults_variations,
          nicolae_vaults_asterisk, vaults_room_hallway, layout_vaults_omnigrid
Vaults:4: mu_enter_wizlab_3, vaults_dpeg_diagonal, ontoclasm_vaults_fault,
          dpeg_vaults_monster_box, grunt_vaults_funnel, vaults_room_grid,
          layout_vaults_big_room, uniq_margery
Vaults:5
Crypt:1:  layout_regular_city
Crypt:2:  layout_rooms
Crypt:3:  david_glass_crypt, layout_misc_corridors,
          tomb_entry_forgotten_bobbens, special_room [special_room_morgue],
          gammafunk_ghost_spectres
Depths:1: evilmike_wizard_prison, layout_twisted_cross, pan_entry,
          pf_coc_iceberg, hellmonk_ghost_happy_afterlife, tso_metal_star,
          hellmonk_bongcloud_opening, nicolae_hepliaklqana_monster_ancestors
Depths:2: minmay_crescents, layout_cave_pools, gammafunk_ghost_cemetery,
          hell_entry, rand_demon_pan_entry_3
Depths:3: kennysheep_large_spiral, layout_gridlike, abyss_entry,
          grunt_hell_horde, minmay_misc_feat_secret_circle,
          nicolae_shop_sticking_my_neck_out
Depths:4: grunt_x_marks_the_spot, layout_cave_shapes, enter_ziggurat_f,
          serial_shops, nicolae_shop_temple_entry_statues_fountains,
          abyss_entry_glasseish, hell_entry, fedhas_altar_2
Zot:1:    layout_twisted_circle, uniq_parghit
Zot:2:    layout_gridville, uniq_josephina
Zot:3:    gammafunk_the_bubble [the_bubble_gammafunk_split], layout_basic,
          zot_minivault_5
Zot:4:    layout_twisted_circle, gammafunk_ghost_split
Zot:5:    layout_misc_corridors

Skill      XL: |  1  2  3  4  5  6  7  8  9 10 11 12 13 14 15 16 17 18 19 20 21 22 23 24 25 26 |
---------------+-------------------------------------------------------------------------------+-----
Fighting       | 1 2 3 5 6 7 8 9 10 11 12 13 14 15 16 17 | 17.5
Earth Magic    | 3 4 5 6 7 8 9 10 11 12 13 14 15 | 15.0
Stealth        | 2 3 4 5 6 7 8 9 10 11 12 | 12.0
Armour         | 1 2 3 4 5 6 7 8 9 10 11 12 | 12.0
Spellcasting   | 3 4 5 6 7 8 9 11 12 13 14 15 16 17 18 20 | 20.5
Conjurations   | 1 2 3 4 5 6 7 8 9 10 11 12 13 14 15 | 15.9
Transmutations | 1 2 3 4 6 |  6.0
Dodging        | 2 3 4 5 6 7 8 9 |  9.0
Evocations     | 2 3 4 5 6 7 8 9 |  9.0
Shields        | 1 3 4 6 7 8 9 10 12 | 12.0
Necromancy     | 1 4 6 7 8 9 10 11 12 | 12.0
Poison Magic   | 2 3 4 5 6 |  6.0
Short Blades   | 1 3 5 6 |  6.2
Fire Magic     | 1 2 3 4 5 6 8 10 12 14 15 | 15.0
Ice Magic      | 3 5 6 |  6.0
Air Magic      | 3 |  3.0
Translocations | 3 |  3.0
Throwing       | 1 3 |  3.0

Action                   |  1- 3 |  4- 6 |  7- 9 | 10-12 | 13-15 | 16-18 | 19-21 | 22-24 | 25-27 || total
-------------------------+-------+-------+-------+-------+-------+-------+-------+-------+-------++-------
Melee: Dagger            |    31 |    55 |    53 |    77 |   138 |   168 |       |   369 |   149 ||  1040
       Punch             |       |       |     2 |       |       |       |       |       |       ||     2
       Flail             |       |       |       |     5 |       |   121 |   182 |   117 |       ||   425
       Staff             |       |       |       |       |       |     9 |    31 |    27 |       ||    67
 Cast: Sandblast         |    54 |    58 |    91 |   104 |    66 |    13 |     9 |     2 |       ||   397
       Stone Arrow       |       |       |    45 |   175 |   291 |    26 |     3 |    11 |       ||   551
       Olgreb's Toxic Ra |       |       |       |    14 |   113 |    99 |    50 |    28 |       ||   304
       Passwall          |       |       |       |     5 |     2 |     5 |       |       |    17 ||    29
       Ignite Poison     |       |       |       |       |    56 |    48 |    20 |    20 |       ||   144
       Freezing Cloud    |       |       |       |       |    16 |    67 |    45 |    28 |     9 ||   165
       Borgnjor's Vile C |       |       |       |       |    36 |   230 |   181 |   292 |   142 ||   881
       Iron Shot         |       |       |       |       |       |   131 |   148 |   329 |   188 ||   796
       Iskenderun's Myst |       |       |       |       |       |    13 |     8 |    33 |     7 ||    61
       Lehudib's Crystal |       |       |       |       |       |       |       |    23 |    32 ||    55
       Mephitic Cloud    |       |       |       |       |       |       |       |     7 |       ||     7
       Ignition          |       |       |       |       |       |       |       |    17 |    10 ||    27
Evoke: Wand              |       |       |     4 |     4 |     5 |    11 |     3 |     9 |       ||    36
       Phantom mirror    |       |       |       |       |     1 |     1 |       |       |       ||     2
       Condenser vane    |       |       |       |       |     1 |       |       |     1 |       ||     2
  Use: Scroll            |       |       |     8 |     8 |    13 |    17 |    10 |     9 |     7 ||    72
       Potion            |       |       |     1 |     1 |     3 |     2 |     1 |     2 |     2 ||    12
 Stab: Sleeping          |     2 |     2 |     5 |     6 |     9 |    11 |     9 |    22 |    21 ||    87
       Paralysed         |     2 |    12 |    36 |    51 |    50 |    82 |    73 |   104 |    24 ||   434
       Invisible         |       |       |       |       |       |     1 |       |       |       ||     1
       Distracted        |       |       |       |       |       |     1 |     1 |     1 |       ||     3
Armor: Robe              |     9 |       |       |    86 |    51 |       |       |       |       ||   146
       Leather armour    |     7 |    22 |    26 |       |    21 |    39 |    19 |       |       ||   134
       Acid dragon scale |       |       |       |       |    18 |   144 |    88 |   347 |   152 ||   749
Dodge: Dodged            |    43 |    49 |    51 |   106 |   188 |   373 |   174 |   437 |   175 ||  1596
Block: Buckler           |       |       |     2 |    32 |   107 |   211 |   109 |   316 |   134 ||   911
